 Dungeon Crawl Stone Soup version 0.18-a0-1683-gf9322e6 (webtiles) character file.

36136 inmateoo the Grappler (level 13, -3/115 HPs)
             Began as a Red Draconian Arcane Marksman on Apr 3, 2016.
             Was a High Priest of Cheibriados.
             Slain by a phantasmal warrior (25 damage)
             ... led by a death knight
             ... on level 14 of the Dungeon.
             The game lasted 00:29:52 (18160 turns).

inmateoo the Grappler (DrAM)                       Turns: 18160, Time: 00:29:52

Health: -3/115     AC: 14    Str: 32    XL:     13   Next: 51%
Magic:  24/24      EV: 23    Int: 28    God:    Cheibriados [*****.]
Gold:   1025       SH:  0    Dex: 29    Spells: 5 memorised, 9 levels left

rFire  + + +     SeeInvis +       - Unarmed
rCold  + . .     Gourm    .     (armour unavailable)
rNeg   . . .     Faith    .     (no shield)
rPois  .         Spirit   .     (helmet restricted)
rElec  .         Dismiss  .     r - +1 cloak
rCorr  .         Reflect  .     f - +0 pair of gloves
SustAt .         Harm     .     M - +2 pair of boots
MR     .....                    (no amulet)
Stlth  ++........               J - +4 ring of dexterity
                                t - ring of see invisible

@: very slow, not resistant to hostile enchantments, unstealthy
A: breathe fire, unfitting armour, cold resistance 1, fire resistance 3, sense
surroundings 1, cold-blooded, AC +8
a: Breathe Fire, Bend Time, Temporal Distortion, Slouch, Step From Time,
Renounce Religion


You were on level 14 of the Dungeon.
You worshipped Cheibriados.
Cheibriados was extremely pleased with you.
You were not hungry.

You visited 1 branch of the dungeon, and saw 15 of its levels.

You collected 1049 gold pieces.
You spent 24 gold pieces at shops.

Inventory:

Hand Weapons
 h - a +1 short sword of venom
 j - a +1 spear of venom
Armour
 f - a +0 pair of gloves (worn)
 r - a +1 cloak (worn)
 M - a +2 pair of boots (worn)
Jewellery
 t - a ring of see invisible (left hand)
 J - a +4 ring of dexterity (right hand)
Wands
 i - a wand of confusion (18/48)
 n - a wand of flame (19/48)
 u - a wand of iceblast (2/15)
 w - a wand of slowing (17/48)
 B - a wand of paralysis (17/24)
 G - a wand of iceblast (7/15)
 K - a wand of acid (3/15)
 Q - a wand of slowing (20/48)
Scrolls
 a - 7 scrolls of remove curse
 b - a scroll of enchant armour
 c - 3 scrolls of enchant weapon
 g - 2 scrolls of fog
 p - 3 scrolls of recharging
 x - 2 scrolls of blinking
 y - 2 scrolls of teleportation
 D - 3 scrolls of amnesia
 P - a scroll of fear
Potions
 e - 2 potions of agility
 k - 3 potions of brilliance
 m - a potion of lignification
 o - a potion of ambrosia
 q - a potion of heal wounds
 v - 4 potions of flight
 z - 5 potions of cure mutation
 E - a potion of resistance
 F - a potion of magic {unknown}
 N - a potion of curing
 O - a potion of cancellation {unknown}
Books
 s - a book of the Sky

   Spells                             Type                      Level
   a - Summon Lightning Spire         Summoning/Air                4
   b - Airstrike                      Air                          4
   c - Silence                        Hexes/Air                    5
   d - Deflect Missiles               Charms/Air                   6
   e - Conjure Ball Lightning         Conjuration/Air              6
   f - Tornado                        Air                          9
 C - a book of the Warp

   Spells                             Type                      Level
   a - Recall                         Summoning/Translocation      3
   b - Gell's Gravitas                Hexes/Translocation          3
   c - Force Lance                    Conjuration/Translocation    4
   d - Warp Weapon                    Charms/Translocation         5
   e - Summon Forest                  Summoning/Translocation      5
 L - a book of Transfigurations

   Spells                             Type                      Level
   a - Irradiate                      Conjuration/Transmutation    5
   b - Statue Form                    Transmutation/Earth          6
   c - Hydra Form                     Transmutation                6
   d - Dragon Form                    Transmutation                7
Miscellaneous
 R - a legendary deck of defence {drawn: 3}
Comestibles
 d - 12 bread rations
 l - 10 meat rations
 A - 7 beef jerkies
 H - 16 fruits
 I - 6 slices of pizza


   Skills:
 + Level 10.8 Fighting
   Level 1.7 Slings
 + Level 9.2 Dodging
 * Level 13.4 Unarmed Combat
 + Level 7.6 Spellcasting
 - Level 2.6 Hexes
 * Level 4.9 Transmutations
 * Level 4.8 Earth Magic
 + Level 8.4 Invocations


You had 9 spell levels left.
You knew the following spells:

 Your Spells              Type           Power        Failure   Level  Hunger
a - Corona                Hex            ####...      1%          1    None
b - Apportation           Tloc           ##........   8%          1    None
c - Deflect Missiles      Chrm/Air       ##........   100%        6    ######.
d - Petrify               Trmt/Erth      #####...     10%         4    ##.....
e - Statue Form           Trmt/Erth      #####....    93%         6    ######.


Dungeon Overview and Level Annotations

Branches:
Dungeon (15/15)            Temple (0/1) D:7            Lair (0/8) D:10
    Orc (0/2) D:12         Vaults (0/5) D:13
 Depths: D:15

Altars:
Ashenzari
Cheibriados
Dithmenos
Elyvilon
Fedhas
Makhleb
Nemelex Xobeh
Pakellas
Qazlal
Ru
Sif Muna
Yredelemnul
Zin
The Shining One

Shops:
D:9 ?   D:11 %   D:13 *

Annotations:
D:4 Gorice's ghost, amateur DsVM
D:11 exclusion: oklob plant
D:15 Agnes; Josephine


Innate Abilities, Weirdness & Mutations

You can breathe blasts of fire.
Your fiery red scales are hard (AC +8).
Your body does not fit into most forms of armour.
Your flesh is almost immune to the effects of heat.
You are cold-blooded and may be slowed by cold attacks.
Your flesh is cold resistant.
You passively map a small area around you.


Message History

The phantasmal warrior closely misses you.
You pummel the troll!! You punch the troll, but do no damage.
The troll is severely wounded.
The phantasmal warrior hits you! The troll misses you.
The troll closely misses you. The troll misses you.
You pummel the troll!!
You kill the troll!
Cheibriados thoroughly appreciates the change of pace.
The phantasmal warrior hits you!!
You swing at nothing.
You completely miss the phantasmal warrior.
The phantasmal warrior hits you!!
* * * LOW HITPOINT WARNING * * *
You are too injured to fight recklessly!
You are too injured to fight recklessly!
You are too injured to fight recklessly!
You pummel the phantasmal warrior!!
The phantasmal warrior is heavily damaged.
The phantasmal warrior hits you!!
You die...

#.......# #. ###.#####
#. #.# #. #.# #. #.# #.
#.######### #.
#.........# #.
#########.........#####.
#.....W@†>..........?...
#####.####........#####.
#.# #........# #. #.#
#........### #. #.#
#..........# #. #.#
#........#.###. #.#
###............ #.#
#.######.#### #.# #.#
#.#


You could see a phantasmal warrior.

Vanquished Creatures
  Nessos (D:13)
  2 vault guards (D:13)
  2 hydras
  3 centaur warriors (D:13)
  2 tengu warriors (D:15)
  2 necromancers (D:13)
  5 hill giants
  4 ugly things
  2 griffons
  An elephant (D:10)
  3 cyclopes
  3 gargoyles
  2 centaur zombies
  A komodo dragon (D:14)
  A yaktaur (D:13)
  A tengu conjurer (D:14)
  4 trolls
  4 two-headed ogres
  5 slime creatures (D:13)
  3 shadows
  2 vampires
  7 wraiths
  5 wyverns
  19 yaks
  4 basilisks
  20 humans (D:13)
  3 hungry ghosts
  3 vampire mosquitoes (D:15)
  3 hippogriffs
  2 soldier ants
  A water moccasin (D:11)
  7 ice beasts
  7 sky beasts
  2 black bears
  An eye of draining (D:15)
  5 orc warriors
  A phantom (D:5)
  11 centaurs
  An ogre (D:13)
  2 crocodiles
  6 big kobolds
  6 giant frogs
  A gnoll sergeant (D:7)
  13 jellies
  A scorpion (D:13)
  9 killer bees
  3 wights (D:12)
  2 electric eels (D:6)
  11 howler monkeys
  4 crimson imps
  2 giant frog zombies (D:12)
  6 orc priests
  3 hounds
  12 orc wizards
  2 centaur skeletons
  2 iguanas
  4 giant frog skeletons
  8 worker ants
  5 sheep
  A killer bee zombie (D:8)
  A hound zombie (D:5)
  10 gnolls
  16 adders
  2 shadow imps
  9 oozes (D:11)
  An adder skeleton (D:7)
  A worm (D:2)
  2 dart slugs (D:2)
  4 giant geckos
  35 orcs
  A ball python (D:1)
  6 giant cockroaches
  5 goblins
  2 hobgoblins
  6 jackals (D:1)
  17 kobolds
  3 quokkas
  6 bats
  A giant gecko skeleton (D:4)
  3 giant newts
  5 jackal skeletons
  A quokka zombie (D:9)
  6 rats
  A fungus (D:9)
402 creatures vanquished.

Vanquished Creatures (others)
  4 fungi (D:11)
4 creatures vanquished.

Grand Total: 406 creatures vanquished

Notes
Turn   | Place    | Note
--------------------------------------------------------------
     0 | D:1      | inmateoo the Draconian Arcane Marksman began the quest for the Orb.
     0 | D:1      | Reached XP level 1. HP: 16/16 MP: 2/2
     2 | D:1      | Noticed a ghoul
     2 | D:1      | Noticed a halfling
     5 | D:1      | Noticed an ogre
     5 | D:1      | Noticed a draconian
     7 | D:1      | Noticed a human
     7 | D:1      | Noticed a merfolk
     9 | D:1      | Noticed a demigod
    11 | D:1      | Noticed a vampire
    11 | D:1      | Noticed a minotaur
    13 | D:1      | Noticed a tengu
    13 | D:1      | Noticed a demonspawn
    15 | D:1      | Noticed a formicid
    15 | D:1      | Noticed an octopode
    17 | D:1      | Noticed a naga
    21 | D:1      | Noticed a spriggan
    23 | D:1      | Noticed a gargoyle
    23 | D:1      | Noticed a troll
    25 | D:1      | Noticed an elf
    25 | D:1      | Noticed a felid
    27 | D:1      | Noticed a dwarf
    29 | D:1      | Noticed a centaur
    29 | D:1      | Noticed a vine stalker
   233 | D:1      | Reached XP level 2. HP: 20/23 MP: 3/3
   269 | D:1      | Reached skill level 1 in Unarmed Combat
   872 | D:2      | Reached XP level 3. HP: 24/29 MP: 4/4
  1233 | D:2      | Reached skill level 2 in Unarmed Combat
  1623 | D:2      | Reached XP level 4. HP: 28/36 MP: 5/5
  1766 | D:2      | Found a sparkling altar of Nemelex Xobeh.
  2336 | D:3      | Gained mutation: You passively map a small area around you. [potion of mutation]
  2336 | D:3      | Gained mutation: Your flesh is heat resistant. [potion of mutation]
  2336 | D:3      | Gained mutation: Your flesh is cold resistant. [potion of mutation]
  2890 | D:3      | Reached skill level 3 in Unarmed Combat
  3004 | D:3      | Found a glowing golden altar of the Shining One.
  3075 | D:3      | Reached XP level 5. HP: 10/42 MP: 6/6
  3384 | D:4      | Noticed Gorice's ghost (amateur DsVM)
  4028 | D:4      | Reached skill level 4 in Unarmed Combat
  4028 | D:4      | Reached XP level 6. HP: 22/51 MP: 7/7
  4938 | D:4      | Found a shattered altar of Ashenzari.
  5053 | D:5      | Entered Level 5 of the Dungeon
  5196 | D:5      | Found a glowing silver altar of Zin.
  5408 | D:5      | Found a snail-covered altar of Cheibriados.
  5408 | D:5      | Found a stormy altar of Qazlal.
  5408 | D:5      | Found a sacrificial altar of Ru.
  5408 | D:5      | Found a burning altar of Makhleb.
  5414 | D:5      | Became a worshipper of Cheibriados the Contemplative
  5441 | D:5      | Found a deep blue altar of Sif Muna.
  5441 | D:5      | Found an oddly glowing altar of Pakellas.
  5494 | D:5      | Reached skill level 5 in Unarmed Combat
  5494 | D:5      | Your scales start taking on a fiery red colour.
  5494 | D:5      | Reached XP level 7. HP: 33/60 MP: 8/8
  5494 | D:5      | Gained mutation: Your flesh is very heat resistant. [Red Draconian growth]
  6102 | D:5      | Reached skill level 6 in Unarmed Combat
  6522 | D:6      | Found a white marble altar of Elyvilon.
  6575 | D:6      | Reached skill level 5 in Fighting
  6618 | D:6      | Reached XP level 8. HP: 66/68 MP: 9/9
  6875 | D:6      | Found a white marble altar of Elyvilon.
  6919 | D:6      | Reached * piety under Cheibriados
  7492 | D:7      | Reached skill level 7 in Unarmed Combat
  7498 | D:7      | Gained mutation: Your flesh is almost immune to the effects of heat. [mutagenic meat]
  7532 | D:7      | Reached skill level 5 in Dodging
  7737 | D:7      | Found a staircase to the Ecumenical Temple.
  8228 | D:7      | Reached ** piety under Cheibriados
  8632 | D:8      | Found a shattered altar of Ashenzari.
  8632 | D:8      | Found a basalt altar of Yredelemnul.
  8645 | D:8      | Learned a level 1 spell: Apportation
  8652 | D:8      | Learned a level 6 spell: Deflect Missiles
  8691 | D:8      | Reached XP level 9. HP: 49/78 MP: 11/13
  8892 | D:8      | Found a shadowy altar of Dithmenos.
  8923 | D:8      | Reached skill level 8 in Unarmed Combat
  9220 | D:8      | Reached skill level 1 in Invocations
  9340 | D:8      | Noticed a two-headed hydra
  9357 | D:8      | Killed a two-headed hydra
  9357 | D:8      | Reached skill level 9 in Unarmed Combat
  9664 | D:9      | Reached *** piety under Cheibriados
 10099 | D:9      | Found Rymurun's Magic Scroll Emporium.
 10122 | D:9      | Bought a scroll of identify for 24 gold pieces
 10122 | D:9      | Identified a scroll of acquirement
 10256 | D:9      | Reached XP level 10. HP: 78/86 MP: 16/16
 10596 | D:9      | Reached skill level 10 in Unarmed Combat
 10665 | D:9      | Reached **** piety under Cheibriados
 10924 | D:10     | Entered Level 10 of the Dungeon
 10935 | D:10     | Reached skill level 5 in Invocations
 11049 | D:10     | Noticed a hill giant
 11067 | D:10     | Reached skill level 5 in Spellcasting
 11120 | D:10     | Killed a hill giant
 11329 | D:10     | Noticed a hill giant
 11335 | D:10     | Killed a hill giant
 11335 | D:10     | Reached XP level 11. HP: 95/95 MP: 18/18
 11346 | D:10     | Found a staircase to the Lair.
 11406 | D:10     | Noticed a hill giant
 11414 | D:10     | Killed a hill giant
 11414 | D:10     | Reached skill level 11 in Unarmed Combat
 11637 | D:10     | Learned a level 4 spell: Petrify
 11677 | D:10     | Noticed a hill giant
 11685 | D:10     | Killed a hill giant
 11814 | D:11     | Reached ***** piety under Cheibriados
 11855 | D:11     | Noticed an eight-headed hydra
 11866 | D:11     | Killed an eight-headed hydra
 12143 | D:11     | Noticed a green ugly thing
 12150 | D:11     | Killed a green ugly thing
 12280 | D:11     | Noticed an oklob plant
 12410 | D:11     | Found Woraem's Food Shoppe.
 12830 | D:11     | Noticed a red ugly thing
 12837 | D:11     | Killed a red ugly thing
 12871 | D:11     | Reached ****** piety under Cheibriados
 13175 | D:12     | Found a staircase to the Orcish Mines.
 13230 | D:12     | Reached skill level 12 in Unarmed Combat
 13387 | D:12     | Reached XP level 12. HP: 99/105 MP: 21/21
 14426 | D:13     | Found Rasececs's Pet Rocks.
 14777 | D:13     | Noticed a centaur warrior
 14783 | D:13     | Killed a centaur warrior
 14783 | D:13     | Reached skill level 10 in Fighting
 15086 | D:13     | Noticed a centaur warrior
 15091 | D:13     | Killed a centaur warrior
 15212 | D:13     | Learned a level 6 spell: Statue Form
 15243 | D:13     | Noticed a centaur warrior
 15251 | D:13     | Reached skill level 1 in Transmutations
 15262 | D:13     | Killed a centaur warrior
 15262 | D:13     | Reached skill level 1 in Earth Magic
 15687 | D:13     | Noticed Nessos
 15710 | D:13     | Killed Nessos
 15710 | D:13     | Reached skill level 13 in Unarmed Combat
 16226 | D:13     | Reached XP level 13. HP: 99/114 MP: 24/24
 16236 | D:13     | Noticed a vault guard
 16253 | D:13     | Killed a vault guard
 16318 | D:13     | Noticed a vault guard
 16395 | D:13     | Killed a vault guard
 16723 | D:13     | Found a gate to the Vaults.
 16868 | D:14     | Found a shadowy altar of Dithmenos.
 17566 | D:15     | Entered Level 15 of the Dungeon
 17566 | D:15     | Found a blossoming altar of Fedhas.
 17599 | D:15     | Noticed Josephine
 18017 | D:15     | Noticed Agnes
 18160 | D:14     | Slain by a phantasmal warrior

Vault maps used:
D:1:      kb_arrival_jail
D:2:      lemuel_round_altar
D:3:      nicolae_tso_carved_into_rock
D:4:      first_bread, cheibrodos_ashenzari_chains
D:5:      zin_academy, minmay_overflow_temple_hex, minmay_misc_feat_pillars
D:6:      nicolae_overflow_crystal_walls, serial_bayou, serial_bayou_pond_d,
          serial_bayou_ford_a, serial_bayou_crossing, serial_bayou_lagoon_b,
          serial_bayou_lagoon_a, basic_altar
D:7:      minmay_temple_entry_poolview
D:8:      gammafunk_temple_overflow_forgotten, hangedman_ranch
D:9:      serial_shops, nicolae_shop_waterfront, minmay_gold_behind_fungi,
          serial_park_tiny_1
D:10:     david_lair_generic, grunt_ministairs_8
D:11:     lemuel_slime, serial_shops, nicolae_shop_scaring_up_business
D:12:     orc_0_dummy
D:13:     grunt_vaults_entry_tiered, guppyfry_shop_earth, uniq_nessos
D:14:     nicolae_dithmenos_through_a_glass_darkly, minmay_holes
D:15:     grunt_enter_depths_magical_seal, fedhas_altar_1, uniq_josephine,
          uniq_agnes

Skill      XL: |  1  2  3  4  5  6  7  8  9 10 11 12 13 |
---------------+----------------------------------------+-----
Dodging        | 2 3 4 5 6 7 8 9 |  9.2
Unarmed Combat | 1 2 3 4 5 6 7 9 10 12 13 | 13.4
Fighting       | 2 3 4 5 6 7 8 9 10 | 10.8
Spellcasting   | 2 4 5 6 7 |  7.6
Invocations    | 3 5 6 7 8 |  8.4
Transmutations | 3 4 |  4.9
Earth Magic    | 2 4 |  4.8
Slings         | |  1.7
Hexes          | |  2.6

Action                   |  1- 3 |  4- 6 |  7- 9 | 10-12 | 13-15 || total
-------------------------+-------+-------+-------+-------+-------++-------
Melee: Unarmed           |   215 |   282 |   364 |   599 |   151 ||  1611
       Spear             |       |    38 |       |       |       ||    38
       Short sword       |       |       |     5 |       |       ||     5
 Fire: Hunting sling     |     1 |     7 |       |       |       ||     8
Invok: Slouch            |       |       |       |     6 |     5 ||    11
 Abil: Breathe Fire      |       |       |    20 |    19 |       ||    39
       Stop Flying       |       |       |     1 |       |       ||     1
Evoke: Wand              |       |       |     1 |     9 |       ||    10
       Deck              |       |       |       |       |     3 ||     3
  Use: Potion            |     1 |     5 |       |     4 |     1 ||    11
       Scroll            |     7 |     6 |     8 |     2 |     4 ||    27
 Stab: Sleeping          |       |       |     2 |     5 |     1 ||     8
       Distracted        |       |       |       |     1 |     2 ||     3
  Eat: Chunk             |     2 |    11 |     6 |    16 |     2 ||    37
       Pizza             |       |     1 |       |       |     2 ||     3
       Bread ration      |       |       |     1 |       |       ||     1
       Meat ration       |       |       |     1 |       |       ||     1
